Map: Dusk Towers

Players

Snute - Winner!

  • Race: Zerg Zerg

viOLet

  • Race: Zerg Zerg

Event: 2016 WCS Winter Circuit Championship

VOD

Have the link to the VOD?

Description

Time

  • Played on: March 4, 2016, 1:56 p.m.
  • Length: 11:56

All games in this series

Show
View Real Time Build Order
Export as new Build Order

Snute Zerg - Winner!

Build Orders: Hatch First 

Get SALT Encoding   

  12  0:00  Drone  
  13  0:12  Overlord  
  13  0:16  Drone  
  14  0:30  Drone x2  
  14  0:34  Drone  
  17  0:52  Hatchery  
  17  0:54  Drone  
  17  0:57  Drone  
  18  1:10  Spawning Pool  
  17  1:13  Drone  
  17  1:15  Extractor  
  17  1:18  Drone  
  18  1:28  Drone  
  19  1:38  Overlord  
  19  1:49  Drone  
  20  1:56  Queen  
  20  2:00  Zergling x2  
  23  2:01  Baneling Nest  
  23  2:04  Drone, Queen  
  25  2:11  Drone  
  27  2:15  Drone  
  27  2:23  Zergling x2  
  28  2:32  Hatchery  
  28  2:35  Drone  
  28  2:36  Drone  
  29  2:39  Drone  
  30  2:44  Overlord  
  30  2:47  Drone  
  31  2:54  Drone  
  32  2:58  Drone  
  32  3:05  Drone x3  
  36  3:07  Drone  
  36  3:10  Drone  
  38  3:13  Queen  
  38  3:15  Overlord  
  38  3:18  Drone  
  41  3:21  Drone  
  41  3:22  Drone  
  41  3:24  Drone  
  44  3:28  Baneling x2  
  44  3:34  Extractor  
  42  3:35  Roach Warren  
  42  3:36  Zergling x4  
  42  3:41  Zergling x4  
  45  3:42  Drone  
  45  3:43  Drone  
  45  3:46  Drone  
  48  3:51  Drone x3  
  48  3:53  Drone  
  51  3:56  Drone x2  
  51  4:00  Overlord  
  51  4:02  Drone  
  54  4:07  Drone  
  54  4:09  Drone  
  56  4:16  Overlord  
  56  4:17  Overlord  
  56  4:22  Overlord  
  56  4:27  Roach x3  
  56  4:30  Lair  
  62  4:33  Evolution Chamber  
  62  4:34  Drone x5  
  62  4:36  Extractor, Drone  
  66  4:43  Roach x2  
  70  4:46  Roach x3  
  70  4:48  Roach  
  70  4:52  Overlord  
  78  5:01  Zerg Missile Weapons Level 1  
  78  5:04  Overlord  
  78  5:07  Drone x5  
  78  5:11  Drone  
  78  5:14  Drone x3  
  86  5:17  Roach x3  
  86  5:20  Extractor  
  91  5:25  Drone, Extractor x2  
  90  5:29  Spire  
  90  5:31  Drone  
  90  5:32  Drone x4  
  94  5:36  Drone, Overlord  
  94  5:41  Glial Reconstitution  
  95  5:49  Spine Crawler  
  94  5:50  Spine Crawler x2  
  94  5:51  Spine Crawler  
  94  5:52  Spine Crawler  
  94  5:53  Roach x3  
  94  5:56  Roach x2  
  100  5:59  Overseer  
  100  6:03  Roach x2  
  104  6:05  Roach  
  104  6:08  Roach x2  
  104  6:10  Overlord  
  110  6:13  Roach  
  110  6:15  Overlord  
  112  6:20  Overlord  
  112  6:27  Overlord x2  
  112  6:41  Mutalisk x5  
  112  6:44  Drone x5  
  127  6:48  Mutalisk  
  127  6:51  Drone x3  
  127  6:52  Drone  
  133  7:03  Mutalisk x2  
  137  7:08  Roach  
  137  7:09  Roach x5  
  143  7:17  Roach  
  143  7:18  Roach x4  
  153  7:24  Ravager  
  153  7:25  Overlord  
  154  7:35  Overlord x2  
  154  7:38  Overlord  
  154  7:49  Roach x3  
  154  7:50  Overlord x3, Roach x2  
  162  7:52  Zerg Missile Weapons Level 2  
  160  8:00  Roach x5  
  160  8:05  Roach x3  
  155  8:09  Ravager  
  155  8:11  Ravager x3  
  155  8:13  Hatchery, Roach x3  
  155  8:15  Roach  
  155  8:16  Roach  
  162  8:29  Hydralisk Den  
  162  8:32  Ravager x2  
  163  8:40  Roach x6  
  163  8:41  Spore Crawler  
  174  8:44  Extractor, Roach x2  
  174  8:47  Extractor  
  176  8:49  Roach x2  
  180  8:59  Queen x2  
  168  9:10  Queen  
  168  9:12  Muscular Augments, Hydralisk x5  
  155  9:21  Hydralisk x3  
  148  9:26  Hydralisk x2  
  136  9:31  Hydralisk  
  136  9:34  Queen  
  136  9:37  Hydralisk x2  
  129  9:40  Spore Crawler  
  128  9:47  Hydralisk x4  
  136  9:56  Spore Crawler  
  131  10:04  Hydralisk  
  131  10:05  Hydralisk x4  
  133  10:10  Spore Crawler, Hydralisk  
  133  10:13  Spore Crawler  
  126  10:17  Hydralisk x3  
  132  10:25  Hydralisk  
  132  10:26  Hydralisk  
  130  10:33  Hydralisk x2  
  126  10:38  Roach x3  
  132  10:43  Roach x3  
  132  10:45  Roach  
  140  10:55  Roach  
  140  10:56  Roach x3  
  146  11:06  Roach x3  
  146  11:07  Roach x3  
  152  11:14  Infestation Pit  
  152  11:15  Drone  
  152  11:16  Drone  
  145  11:19  Drone x2  
  147  11:29  Drone  
  147  11:30  Drone x2  
  140  11:40  Drone x3  
Show
View Real Time Build Order
Export as new Build Order

viOLet Zerg 

Build Orders: Hatch First 

Get SALT Encoding   

  12  0:00  Drone  
  13  0:12  Overlord  
  13  0:18  Drone  
  14  0:30  Drone x2  
  14  0:34  Drone  
  17  0:51  Hatchery  
  17  0:54  Drone  
  17  0:58  Drone  
  18  1:09  Extractor  
  17  1:13  Spawning Pool  
  17  1:15  Drone  
  18  1:18  Drone  
  18  1:28  Drone  
  19  1:39  Overlord  
  19  1:51  Drone  
  20  1:59  Queen  
  22  2:01  Drone  
  22  2:02  Queen  
  22  2:03  Drone  
  26  2:09  Metabolic Boost  
  26  2:11  Drone  
  27  2:15  Drone  
  28  2:30  Zergling x2  
  28  2:33  Hatchery, Zergling x2  
  29  2:43  Drone x2  
  31  2:45  Overlord  
  31  2:48  Drone  
  32  2:56  Drone  
  33  2:59  Roach Warren  
  32  3:08  Zergling x8  
  36  3:14  Drone x2  
  36  3:18  Overlord  
  36  3:19  Drone  
  39  3:33  Drone x2  
  39  3:34  Queen  
  41  3:37  Drone  
  41  3:38  Drone  
  45  3:45  Drone  
  45  3:46  Roach x2  
  45  3:48  Roach  
  52  3:52  Drone  
  50  3:57  Drone x2  
  50  3:59  Drone  
  50  4:02  Drone  
  53  4:06  Drone x2  
  55  4:12  Evolution Chamber  
  55  4:14  Drone x4  
  55  4:15  Overlord  
  58  4:18  Overlord  
  58  4:27  Lair  
  58  4:31  Extractor  
  58  4:32  Extractor  
  58  4:34  Drone x4  
  58  4:35  Drone x4  
  64  4:39  Zerg Missile Weapons Level 1  
  64  4:40  Overlord  
  64  4:43  Roach  
  66  4:50  Overlord  
  66  4:51  Overlord  
  66  4:57  Roach  
  66  4:58  Roach x2  
  72  5:01  Drone x2  
  72  5:02  Overlord  
  74  5:13  Roach x2  
  74  5:14  Roach x4  
  84  5:20  Roach  
  86  5:22  Overlord  
  86  5:23  Glial Reconstitution  
  86  5:28  Drone  
  86  5:29  Drone x4  
  86  5:31  Roach x3  
  86  5:35  Overlord  
  97  5:37  Roach  
  99  5:44  Roach  
  99  5:45  Roach x2  
  99  5:48  Roach x2  
  109  5:51  Overlord x2, Roach  
  111  5:57  Roach x2  
  111  6:02  Drone x4  
  119  6:06  Extractor  
  119  6:07  Roach x2  
  122  6:17  Extractor x2, Roach x4  
  128  6:19  Drone x4  
  128  6:20  Drone x2  
  134  6:26  Zergling x4  
  136  6:35  Zergling x4  
  136  6:37  Overlord  
  136  6:38  Overlord  
  136  6:39  Hatchery  
  137  6:42  Spire  
  136  6:49  Zergling x4  
  138  6:55  Overlord x2  
  138  6:56  Zergling x2  
  138  6:57  Zergling x14  
  140  7:04  Drone  
  137  7:10  Spore Crawler x2  
  137  7:11  Spore Crawler  
  137  7:13  Drone x5  
  136  7:24  Infestation Pit  
  136  7:27  Spore Crawler x2  
  136  7:28  Spore Crawler  
  136  7:29  Roach x7  
  144  7:34  Zerg Missile Weapons Level 2  
  144  7:37  Roach x2  
  144  7:47  Roach x2  
  144  7:48  Roach x4  
  155  7:53  Zergling x2  
  155  7:55  Zergling x2  
  152  8:02  Zergling x2  
  152  8:03  Zergling x2  
  152  8:05  Mutalisk x2, Zergling x4  
  125  8:13  Mutalisk  
  125  8:16  Mutalisk x3  
  125  8:19  Mutalisk x2  
  137  8:23  Mutalisk x2  
  141  8:29  Zerg Flyer Weapons Level 1  
  141  8:32  Overlord  
  141  8:37  Mutalisk x2  
  141  8:41  Overlord x2  
  145  8:46  Overlord  
  145  8:52  Overlord x2  
  145  8:54  Hatchery  
  144  9:00  Mutalisk  
  142  9:03  Mutalisk  
  142  9:04  Mutalisk  
  142  9:09  Zergling x2  
  138  9:14  Zergling x4  
  120  9:18  Mutalisk x2  
  120  9:19  Mutalisk, Zergling x2  
  120  9:20  Zergling x6  
  108  9:29  Mutalisk x2  
  102  9:37  Drone x2  
  102  9:42  Hatchery, Drone x2  
  102  9:45  Drone  
  104  9:50  Drone  
  104  9:51  Drone x2  
  104  9:52  Drone x2  
  108  10:04  Drone x3  
  100  10:09  Mutalisk x2  
  100  10:10  Baneling Nest  
  100  10:13  Mutalisk, Zergling x2  
  106  10:18  Mutalisk  
  108  10:21  Mutalisk  
  108  10:22  Mutalisk  
  108  10:30  Mutalisk x2  
  108  10:34  Mutalisk  
  112  10:41  Drone x3  
  115  10:43  Queen  
  115  10:45  Zergling x2  
  115  10:49  Zergling x6  
  121  10:54  Zergling x2  
  121  10:55  Zergling x2  
  123  11:03  Zergling x2  
  123  11:04  Zergling x2  
  121  11:17  Zergling x6  
  120  11:22  Baneling x5  
  120  11:23  Baneling x6  
  120  11:25  Zergling x2  
  115  11:28  Zergling x4  
Tags
 
Add a new tag
Caveats
  • Supply blocks, unpowered buildings, or Contaminate may cause inaccurate times.
  • Supply counts are checked every 10 seconds.